Map: Blackpink LE

Players

corycorycory

  • Race: Protoss Protoss
  • Spawn Location: 7:00

Nationwide - Winner!

  • Race: Zerg Zerg
  • League: Gold
  • Spawn Location: 1:00

VOD

Have the link to the VOD?

Description

Time

  • Played on: Feb. 18, 2018, 10:23 p.m.
  • Length: 7:34
Show
View Real Time Build Order
Export as new Build Order

corycorycory Protoss 

Build Orders:  

Get SALT Encoding   

  12  0:01  Probe  
  13  0:13  Probe  
  14  0:20  Pylon  
  14  0:25  Probe  
  15  0:45  Gateway  
  15  1:02  Probe (Chrono Boost)  
  16  1:14  Probe (Chrono Boost)  
  17  1:22  Probe (Chrono Boost)  
  18  1:28  Probe  
  19  1:39  Cybernetics Core  
  19  1:40  Probe  
  20  1:51  Nexus  
  20  1:52  Probe  
  20  1:53  Pylon  
  21  2:04  Assimilator, Probe  
  22  2:14  Pylon  
  22  2:16  Probe  
  23  2:37  Gateway  
  23  2:46  Stalker  
  25  3:07  Probe  
  25  3:11  Assimilator, Probe  
  28  3:20  Probe  
  28  3:23  Probe  
  28  3:24  Adept x2  
  33  3:32  Probe  
  34  3:35  Probe  
  35  3:44  Probe  
  36  3:53  Probe (Chrono Boost)  
  37  3:59  Assimilator  
  37  4:01  Probe (Chrono Boost)  
  38  4:04  Probe (Chrono Boost)  
  38  4:05  Gateway, Warp Gate (Chrono Boost)  
  38  4:09  Probe (Chrono Boost)  
  40  4:10  Probe (Chrono Boost)  
  40  4:11  Stargate  
  41  4:19  Gateway, Probe  
  41  4:20  Probe  
  47  4:31  Probe, Twilight Council  
  47  4:32  Probe  
  47  4:36  Adept x2  
  49  4:43  Probe  
  50  4:46  Probe  
  51  4:55  Probe  
  51  4:58  Probe  
  53  5:05  Assimilator  
  53  5:07  Probe  
  54  5:16  Pylon  
  54  5:17  Pylon  
  54  5:19  Pylon  
  54  5:28  Pylon  
  54  5:34  Oracle (Chrono Boost), Probe x2  
  55  5:46  Probe x2  
  61  5:58  Probe x2  
  61  6:02  Oracle (Chrono Boost)  
  62  6:10  Probe  
  61  6:17  Zealot x2  
  61  6:18  Zealot  
  35  6:37  Shield Battery  
  35  6:39  Shield Battery  
  34  6:42  Forge  
  30  6:49  Zealot  
  30  6:50  Zealot x2  
  8  7:17  Zealot  
  8  7:19  Zealot x2  
Show
View Real Time Build Order
Export as new Build Order

Nationwide Zerg - Winner!

Build Orders: 3 Hatch before Pool 

Get SALT Encoding   

  12  0:03  Drone  
  13  0:08  Drone  
  13  0:14  Extractor  
  13  0:16  Drone  
  15  0:23  Overlord  
  15  0:51  Drone  
  15  0:56  Hatchery, Drone  
  16  1:03  Drone x2  
  18  1:25  Overlord  
  18  1:28  Extractor  
  18  1:30  Drone  
  18  1:38  Hatchery  
  17  2:05  Spawning Pool, Drone x3  
  19  2:17  Drone  
  19  2:20  Drone x2  
  22  2:25  Extractor  
  21  2:31  Drone  
  21  2:33  Drone  
  23  2:46  Drone  
  23  2:49  Evolution Chamber, Drone  
  23  2:50  Evolution Chamber, Drone  
  24  2:58  Roach Warren  
  23  3:03  Drone  
  24  3:06  Drone x2  
  24  3:08  Drone  
  24  3:10  Drone  
  28  3:20  Overlord  
  28  3:32  Drone x2  
  30  3:35  Spine Crawler  
  30  3:37  Overlord  
  30  3:38  Roach  
  30  3:40  Roach  
  33  3:43  Drone  
  34  3:50  Drone x2  
  36  4:03  Zerg Missile Weapons Level 1  
  36  4:04  Zerg Ground Armor Level 1  
  36  4:08  Roach x2  
  36  4:09  Roach  
  42  4:10  Zergling x2  
  43  4:20  Drone  
  43  4:22  Drone  
  43  4:23  Drone x4  
  49  4:37  Overlord x2  
  49  4:47  Lair  
  49  4:51  Ravager  
  50  4:55  Queen x2  
  50  4:58  Ravager  
  56  5:07  Zergling x8  
  56  5:09  Metabolic Boost  
  56  5:12  Roach  
  56  5:13  Roach x2  
  65  5:24  Overlord x3  
  65  5:25  Overlord x2  
  65  5:43  Drone x4  
  65  5:44  Drone  
  70  5:58  Drone  
  70  5:59  Drone x3  
  72  6:18  Roach  
  72  6:19  Roach, Drone x4  
  72  6:20  Drone  
  72  6:23  Drone x3  
  84  6:27  Spore Crawler  
  83  6:50  Spore Crawler  
  82  6:57  Roach x3  
  82  6:58  Roach x4  
Tags
 
Add a new tag
Caveats
  • Supply blocks, unpowered buildings, or Contaminate may cause inaccurate times.
  • Supply counts are checked every 10 seconds.